 Dungeon Crawl Stone Soup version 0.30-a0-879-ga8ba668304 (webtiles) character file.

Game seed: 2570985360084053860

124 FlurksSlurper the Insei (level 4, -2/33 HPs)
             Began as a Demonspawn Gladiator on Mar 14, 2023.
             Slain by an ogre
             ... wielding a +0 giant club
              (22 damage)
             ... on level 3 of the Dungeon.
             The game lasted 00:05:28 (2538 turns).

FlurksSlurper the Insei (Demonspawn Gladiator)      Turns: 2538, Time: 00:05:29

Health: -2/33      AC: 11    Str: 14    XL:     4   Next: 81%
Magic:  4/4        EV:  7    Int:  9    God:
Gold:   207        SH:  0    Dex: 17    Spells: 2/3 levels left

rFire   . . .      SeeInvis .    a - +0 short sword (venom)
rCold   . . .      Faith    .    (no shield)
rNeg    . . .      Spirit   .    h - +0 chain mail
rPois   .          Reflect  .    v - +0 helmet
rElec   .          Rampage  .    (no cloak)
rCorr   .                        (no gloves)
Will    .....                    (no boots) Stlth
                                 (no amulet)
HPRegen 0.25/turn                (no ring)
MPRegen 0.09/turn                (no ring)

@: no status effects
A: hooves 1, thin metallic scales 1
a: no special abilities


You were on level 3 of the Dungeon.
You visited 1 branch of the dungeon, and saw 4 of its levels.

You collected 207 gold pieces.

Inventory:

Hand Weapons
 a - a +0 short sword of venom (weapon)
 b - a +0 dagger of protection
 u - a +0 war axe
Missiles
 c - 3 throwing nets (quivered)
 d - 5 javelins
 e - 70 stones
Armour
 h - a +0 chain mail (worn)
 v - a +0 helmet (worn)
Jewellery
 p - a +6 ring of strength
Scrolls
 f - 7 scrolls of identify
 l - 2 scrolls of amnesia {unknown}
 n - 2 scrolls of poison {unknown}
 o - a scroll of teleportation {unknown}
 q - a scroll of enchant weapon {unknown}
Potions
 g - 3 potions of lignification
 i - a potion of brilliance {unknown}
 j - a potion of heal wounds {unknown}
 k - a potion of attraction {unknown}
 m - 2 potions of flight {unknown}
 r - a potion of cancellation {unknown}
 s - a potion of haste {unknown}
 t - 2 potions of curing


   Skills:
 * Level 2.1 Fighting
 + Level 0.3 Short Blades
 + Level 2.1 Throwing
 * Level 2.0 Armour
 + Level 3.2 Dodging
 * Level 3.6 Unarmed Combat
 * Level 0.4 Spellcasting
 * Level 0.4 Conjurations


You had 2 spell levels left.
You knew the following spells:

 Your Spells              Type           Power      Damage    Failure   Level
a - Magic Dart            Conj           0%         1d3       100%        1

Your spell library contained the following spells:

 Spells                   Type           Power      Damage    Failure   Level
 Apportation              Tloc           0%         N/A       100%        1
 Foxfire                  Conj/Fire      0%         2x1d4     100%        1
 Necrotise                Necr           0%         1d4       100%        1
 Sandblast                Erth           0%         2d4       100%        1
 Summon Small Mammal      Summ           0%         N/A       100%        1
 Blade Hands              Tmut           0%         N/A       100%        5
 Irradiate                Conj/Tmut      0%         3d11      100%        5
 Dragon Form              Tmut           0%         N/A       100%        7


Dungeon Overview and Level Annotations

Branches:
Dungeon (4/15)
 Temple: D:4-7

Altars:
Kikubaaqudgha
Sif Muna
Vehumet

Annotations:
D:3 1 runed translucent door, Crazy Yiuf
D:4 Pikel


Innate Abilities, Weirdness & Mutations

You have large cloven feet.
You are partially covered in thin metallic scales. (AC +2)


Message History

Your kick misses the lemure.
The lemure is severely wounded.
The lemure hits you.
You hit the lemure.
The lemure looks as sick as possible!
The lemure is severely wounded.
The lemure hits you but does no damage.
You hit the lemure but do no damage.
The lemure looks as sick as possible!
You kick the lemure.
The lemure is almost dead.
You kill the lemure!
That felt strangely unrewarding.
There is a stone staircase leading down here.
You start resting.
HP restored.
You see here a +0 scale mail.
There is a stone staircase leading down here.
You climb downwards.
Level annotation: Pikel The ogre shouts!
There is a stone staircase leading up here.
Throw: 6 javelins
Press: ? - help, Shift-Dir - straight line, f - ogre
Aim: an ogre, wielding a +0 giant club (76% to hit)
You throw a javelin.
The javelin pierces through the ogre but does no damage.
The ogre completely misses you.
You climb upwards.
Level annotation: 1 runed translucent door, Crazy Yiuf
There is a stone staircase leading down here.
You hit the ogre but do no damage.
The ogre is poisoned.
Your kick misses the ogre. You hit the ogre but do no damage.
The ogre looks as sick as possible!
You kick the ogre.
The ogre is lightly wounded.
The ogre hits you with a +0 giant club!
You hit the ogre.
The ogre looks as sick as possible!
You kick the ogre.
The ogre is heavily wounded.
The ogre hits you with a +0 giant club!!
Ouch! That really hurt!
You die...

.........# .######..# .#### #.>#
....###..###################
..............†............######
..)..##.####.#############.......
†#.#.##.# #.# ######## ########
.#.#.##.# #.###......# #
##.#.##.# #.#.O@..##.# #
........####.#>###.##.# #
...............# #....# #
.#.#.########..###.#..# # .#.#.#
#.........#..# #
.#.#.#####.......###..# #
.................# #..# #
.###.............# #..# ### .#
#.#####.......# #..## #..


You could see an ogre (extremely poisoned).

Vanquished Creatures
  4 lemures
  A scorpion (D:4)
  An adder (D:2)
  2 dart slugs
  An orc (D:3)
  5 endoplasms
  2 giant cockroaches (D:2)
  2 goblins (D:1)
  3 hobgoblins
  7 jackals (D:1)
  2 quokkas
  7 ball pythons
  4 bats
  2 frilled lizards
  6 kobolds
  3 rats
52 creatures vanquished.

Notes
Turn   | Place    | Note
-------+----------+-------------------------------------------
     0 | D:1      | FlurksSlurper the Demonspawn Gladiator began the quest for
                  | the Orb.
     0 | D:1      | Reached XP level 1. HP: 16/16 MP: 1/1
   144 | D:1      | Gained mutation: You are partially covered in thin metallic
                  | scales. (AC +2) [demonic ancestry]
   144 | D:1      | Reached XP level 2. HP: 15/22 MP: 2/2
   669 | D:2      | Reached skill level 1 in Armour
   669 | D:2      | Reached XP level 3. HP: 26/27 MP: 3/3
  1654 | D:3      | Got Beginning Hermetic Knowledge
  1853 | D:3      | Found a runed translucent door.
  1854 | D:3      | Noticed Crazy Yiuf
  2083 | D:3      | Found a radiant altar of Vehumet.
  2086 | D:3      | Got Vehumet's Handbook of Damage
  2088 | D:3      | Found an ancient bone altar of Kikubaaqudgha.
  2091 | D:3      | Learned a level 1 spell: Magic Dart
  2091 | D:3      | Found a shimmering blue altar of Sif Muna.
  2232 | D:4      | Noticed a scorpion
  2241 | D:4      | Killed a scorpion
  2242 | D:4      | Gained mutation: You have large cloven feet. [demonic
                  | ancestry]
  2242 | D:4      | Reached XP level 4. HP: 33/33 MP: 4/4
  2248 | D:4      | Noticed a lemure
  2248 | D:4      | Noticed a lemure
  2280 | D:4      | Killed a lemure
  2282 | D:4      | Killed a lemure
  2297 | D:4      | Noticed a lemure
  2397 | D:4      | Killed a lemure
  2398 | D:4      | Noticed a lemure
  2448 | D:4      | Noticed Pikel
  2456 | D:3      | Killed a lemure
  2530 | D:4      | Noticed an ogre
  2538 | D:3      | Slain by an ogre

Illustrated notes

Levels and vault maps discovered:
D:1:      minmay_arrival_shattered_statue, layout_rooms, st_stairs_10,
          chequers_serial_rivers_micro_b
D:2:      layout_basic
D:3:      layout_loops_ring, grunt_temple_overflow_magic_moments,
          uniq_crazy_yiuf_cottage
D:4:      layout_basic, okawaru_ov_weapons_minmay,
          nicolae_dithmenos_shadow_blocks, uniq_pikel

Skill      XL: |  1  2  3 |
---------------+----------+-----
Throwing       | 2 |  2.1
Dodging        | 3 |  3.2
Unarmed Combat | 3 |  3.6
Armour         | 1 2 |  2.0
Fighting       | |  2.1
Short Blades   | |  0.3
Spellcasting   | |  0.4
Conjurations   | |  0.4

Action                     |  1- 3 |  4- 6 || total
---------------------------+-------+-------++-------
  Melee: Dagger            |    44 |       ||    44
         Unarmed           |   155 |       ||   155
         Punch             |     7 |     4 ||    11
         Short sword       |    16 |    44 ||    60
         Kick              |       |    17 ||    17
  Throw: Javelin           |       |     1 ||     1
    Use: Scroll            |     1 |       ||     1
         Potion            |     1 |       ||     1
 Armour: Leather armour    |    64 |       ||    64
         Chain mail        |    55 |    21 ||    76
  Dodge: Dodged            |   148 |    22 ||   170

Table legend: (Time is in decaauts)
 A = Elapsed time spent in this place.
 B = Non-inter-level travel time spent in this place.
 C = Inter-level travel time spent in this place.
 D = Time resting spent in this place.
 E = Time spent auto-exploring this place.
 F = Levels seen in this place.
 G = Mean time per level.
                   A        B        C        D        E       F      G
               +--------+--------+--------+--------+--------+-----+--------+
         Total |   2531 |   2420 |    111 |    325 |   1473 |   4 |  632.8 |
       Dungeon |   2531 |   2420 |    111 |    325 |   1473 |   4 |  632.8 |
               +--------+--------+--------+--------+--------+-----+--------+

Top non-repeatable levels by time:
     D:3: 1173 daAuts
     D:2: 690 daAuts
     D:1: 570 daAuts
     D:4: 97 daAuts
